 Dungeon Crawl Stone Soup version 0.27-a0-1200-g94dc6ad (webtiles) character file.

Game seed: 12916167057808962602

57 Meow the Stinger (level 4, 36/36 HPs)
             Began as a Naga Venom Mage on June 1, 2021.
             Quit the game on level 2 of the Dungeon.
             The game lasted 00:04:09 (1518 turns).

Meow the Stinger (Naga Venom Mage)                  Turns: 1518, Time: 00:04:10

Health: 36/36      AC:  3    Str: 11    XL:     4   Next: 0%
Magic:  6/8        EV:  9    Int: 16    God:
Gold:   35         SH:  0    Dex: 11    Spells: 2/9 levels left

rFire    . . .     SeeInvis +   a - +0 short sword
rCold    . . .     Faith    .   (no shield)
rNeg     . . .     Spirit   .   l - +1 robe {Archmagi}
rPois    +         Reflect  .   (no helmet)
rElec    .         Harm     .   (no cloak)
rCorr    .         Rampage  .   (no gloves)
Will     .....                  (no barding)
Stlth    ++........             (no amulet)
HPRegen  0.12/turn              (no ring)
MPRegen  0.11/turn              (no ring)

@: very slow
A: AC +1, large, see invisible, deformed body, poison resistance, slowness 2,
spit poison 1, naga tail 1
a: Spit Poison


You were on level 2 of the Dungeon.
You visited 1 branch of the dungeon, and saw 2 of its levels.

You collected 35 gold pieces.

Inventory:

Hand Weapons
 a - a +0 short sword (weapon)
Missiles
 b - 26 arrows
 c - 8 javelins
 d - 72 stones (quivered)
 e - 19 sling bullets
Armour
 g - a +0 robe
 l - a +1 robe of the Archmagi (worn)
Scrolls
 f - 2 scrolls of silence {unknown}
 h - a scroll of fear {unknown}
 k - a scroll of enchant armour {unknown}
Potions
 i - a potion of curing {unknown}
 j - a potion of cancellation {unknown}


   Skills:
 - Level 1.5 Dodging
 - Level 3.0 Stealth
 + Level 3.0 Spellcasting
 + Level 2.3 Conjurations
 - Level 1.0 Transmutations
 - Level 4.0 Poison Magic


You had 2 spell levels left.
You knew the following spells:

 Your Spells              Type           Power      Damage    Failure   Level
a - Sting                 Tmut/Pois      60%        1d6       7%          1
c - Mephitic Cloud        Conj/Pois/Air  13%        N/A       24%         3
C - Ignite Poison         Fire/Tmut/Pois 11%        N/A       28%         3

Your spell library contained the following spells:

 Spells                   Type           Power      Damage    Failure   Level
 Poisonous Vapours        Pois/Air       26%        N/A       12%         2
 Olgreb's Toxic Radiance  Pois           23%        N/A       34%         4


Dungeon Overview and Level Annotations

Branches:
Dungeon (2/15)

Altars:


Innate Abilities, Weirdness & Mutations

Your serpentine skin is tough. (AC +1)
You have supernaturally acute eyesight. (SInv)
Armour fits poorly on your strangely shaped body.
Your system is resistant to poisons. (rPois)
You cover ground very slowly.
You can spit poison.
You have a snake-like lower body.


Message History

Press: ? - help, Shift-Dir - straight line, f/p - hobgoblin
Aim: a hobgoblin (severely wounded, very poisoned, 74% to hit)
You feel a surge of power!
The sting hits the hobgoblin.
The hobgoblin looks even sicker.
You kill the hobgoblin!
Your Spellcasting skill increases to level 3!
You have got your breath back.
HP restored.
Magic restored.
Found a stone staircase leading down.
An adder comes into view.
Press: ? - help, Shift-Dir - straight line, f - adder
Aim: an adder (asleep)
The splash of poison hits the adder!
The adder is poisoned.
The adder is almost dead.
You kill the adder!
Unknown command.
Unknown command.
Unknown command.
You have got your breath back.
A ball python comes into view.
The ball python hisses angrily.
Press: ? - help, Shift-Dir - straight line, f - ball python
Aim: a ball python The splash of poison misses the ball python.
Casting: Sting (safe; 7% risk of failure)
Confirm with . or Enter, or press ? or * to list all spells.
Okay, then.
Casting: Sting (safe; 7% risk of failure)
Confirm with . or Enter, or press ? or * to list all spells.
Aiming: Sting (safe; 7% risk of failure)
Press: ? - help, Shift-Dir - straight line, f/p - ball python
Aim: a ball python (71% to hit)
You feel a surge of power!
The sting hits the ball python.
The ball python is poisoned.
You kill the ball python!
You have got your breath back.
You have reached level 4!
You feel stronger.
Are you sure you want to abandon this character and quit the game? (Confirm with "yes".)

..........#### #.#.#
###.#.#....#####.#.#
#.#.#..#.......#.# #.#.#..#
#####...# #.#.#..# ## #...#
###.#.#..#..####...########
†.......).................>
###.#.#..#..####...########
#.#.#..#...###@#.#
#.#.#..........#.#
###.#.##.#.#.###.#.#
.)#.#....#.#...†.#.#
....###### ##.##†... ..###
.. ..... ..# #.# ##### ###
.


There were no monsters in sight!

Vanquished Creatures
  An adder (D:2)
  2 dart slugs
  4 ball pythons
  5 endoplasms
  4 giant cockroaches (D:1)
  4 goblins (D:1)
  4 hobgoblins
  4 jackals (D:1)
  2 quokkas (D:1)
  3 frilled lizards
  4 kobolds
  2 rats
39 creatures vanquished.

Notes
Turn   | Place    | Note
-------+----------+-------------------------------------------
     0 | D:1      | Meow the Naga Venom Mage began the quest for the Orb.
     0 | D:1      | Reached XP level 1. HP: 15/15 MP: 3/3
   183 | D:1      | Reached skill level 1 in Conjurations
   183 | D:1      | Reached XP level 2. HP: 22/22 MP: 0/5
   382 | D:1      | Found a faded altar of an unknown god.
   858 | D:1      | Reached XP level 3. HP: 28/28 MP: 4/6
   865 | D:1      | Learned a level 3 spell: Mephitic Cloud
   869 | D:1      | Learned a level 3 spell: Ignite Poison
  1518 | D:2      | Reached XP level 4. HP: 36/36 MP: 6/8
  1518 | D:2      | Quit the game

Illustrated notes

Levels and vault maps discovered:
D:1:      heliophobic_arrival_dark_side_of_the_moon, layout_basic,
          ebering_ecumenical_altar_sacrificial
D:2:      layout_basic, corexii_hall_statues_t, kennysheep_potato,
          uniq_crazy_yiuf_cottage, uniq_jessica

Skill      XL: |  1  2  3 |
---------------+----------+-----
Conjurations   | 1 2 |  2.3
Spellcasting   | 3 |  3.0
Dodging        | |  1.5
Stealth        | |  3.0
Transmutations | |  1.0
Poison Magic   | |  4.0

Action                   |  1- 3 |  4- 6 || total
-------------------------+-------+-------++-------
Melee: Dagger            |     5 |       ||     5
       Club              |     1 |       ||     1
Throw: Stone             |    13 |       ||    13
 Cast: Sting             |    31 |       ||    31
 Abil: Spit Poison       |    36 |       ||    36
Armor: Robe              |     2 |       ||     2
Dodge: Dodged            |     5 |       ||     5

Table legend: (Time is in decaauts)
 A = Elapsed time spent in this place.
 B = Non-inter-level travel time spent in this place.
 C = Inter-level travel time spent in this place.
 D = Time resting spent in this place.
 E = Time spent auto-exploring this place.
 F = Levels seen in this place.
 G = Mean time per level.
                   A        B        C        D        E       F      G
               +--------+--------+--------+--------+--------+-----+--------+
         Total |   1875 |   1846 |     29 |    461 |   1077 |   2 |  937.5 |
       Dungeon |   1875 |   1846 |     29 |    461 |   1077 |   2 |  937.5 |
               +--------+--------+--------+--------+--------+-----+--------+

Top non-repeatable levels by time:
     D:1: 1469 daAuts
     D:2: 405 daAuts
